 Dungeon Crawl Stone Soup version 0.24.0-123-gd5b16e6ec5 (webtiles) character file.

Game seed: 16399731576884394856, levelgen mode: deterministic

17 vurker the Covered (level 2, 0/28 HPs)
             Began as a Gargoyle Fighter on Feb 1, 2020.
             Slain by Sigmund
             ... wielding a cursed -2 scythe
              (2 damage)
             ... on level 2 of the Dungeon.
             The game lasted 00:01:31 (780 turns).

vurker the Covered (Gargoyle Fighter)                Turns: 780, Time: 00:01:31

Health: 0/28       AC: 21    Str: 24    XL:     2   Next: 62%
Magic:  2/2        EV:  2    Int: 11    God:
Gold:   40         SH: 11    Dex:  9    Spells: 1/1 levels left

rFire    . . .     SeeInvis .   a - +0 war axe
rCold    . . .     Gourm    .   i - +2 shield
rNeg     + + +     Faith    .   (armour currently unavailable)
rPois    ∞         Spirit   .   (helmet currently unavailable)
rElec    .         Reflect  .   (cloak currently unavailable)
rCorr    .         Harm     .   (gloves currently unavailable)
MR       .....     NoTele   +   (boots currently unavailable)
Stlth    +.........             (no amulet)
HPRegen  0.09/turn              g - +3 ring of intelligence
MPRegen  0.08/turn              (no ring)

@: mighty, tree-form
A: negative energy resistance 1, petrification resistance, rot immunity, AC +2
a: no special abilities


You were on level 2 of the Dungeon.
You were not hungry.
You were a tree.
You visited 1 branch of the dungeon, and saw 2 of its levels.

You collected 40 gold pieces.

Inventory:

Hand Weapons
 a - a +0 war axe (weapon)
Armour
 b - a +0 scale mail (melded)
 c - a +0 pair of gloves (melded)
   (You found it on level 1 of the Dungeon)
 f - a +0 cloak (melded)
   (You found it on level 1 of the Dungeon)
 h - a +0 helmet (melded)
   (You found it on level 1 of the Dungeon)
 i - a +2 shield (worn)
   (You found it on level 1 of the Dungeon)
Jewellery
 g - a +3 ring of intelligence (left branch)
   (You found it on level 1 of the Dungeon)
Scrolls
 j - 2 scrolls of identify {unknown}
 l - a scroll of fog {unknown}
Potions
 k - a potion of resistance {unknown}
Comestibles
 e - a ration
 m - 3 chunks of flesh


   Skills:
 + Level 3.4 Fighting
 * Level 2.2 Axes
 + Level 3.4 Armour
 + Level 0.3 Dodging
 + Level 3.4 Shields


You had one spell level left.
You didn't know any spells.
Your spell library was empty.

Dungeon Overview and Level Annotations

Branches:
Dungeon (2/15)

Altars:

Annotations:
D:2 Sigmund


Innate Abilities, Weirdness & Mutations

You are resistant to torment.
((Your stone body is resilient. (AC +2)))
You are immune to poison.
You resist negative energy. (rN+)
((You are resistant to electric shocks. (rElec)))
((You can survive without breathing.))
You are immune to petrification.
You are immune to rotting.


Message History

You block the bat's attack. x2; The bat hits you but does no damage.
The bat hits you but does no damage.
You miss the bat. You block the bat's attack. x2
You miss the bat. The bat hits you but does no damage.
You block the bat's attack. The bat hits you but does no damage.
Your shield prevents you from hitting the bat.
You block the bat's attack. You block the bat's attack.
You hit the bat but do no damage. The bat hits you but does no damage. x2
The bat misses you.
You barely miss the bat. The bat hits you but does no damage.
The bat hits you but does no damage.
You miss the bat. The bat barely misses you. You block the bat's attack. x2
You slash the bat!
You kill the bat!
No target in view!
No target in view!
Found 10 gold pieces.
Sigmund the Dreaded comes into view.
He is wielding a -2 scythe.
Sigmund shouts!
You hear an angry hiss.
You aren't carrying any items that you can evoke.
Unknown command.
Sigmund casts a spell at you. The magic dart hits you!
You block Sigmund's attack.
A frilled lizard comes into view.
You closely miss Sigmund.
Sigmund gestures wildly while chanting.
Sigmund flickers and vanishes!
Deactivating autopickup; reactivate with Ctrl-A.
Something hits you.
You feel very mighty all of a sudden.
You barely miss something. You block something's attack.
You miss something.
You hear some strange, mumbled words.
A puff of flame appears from out of thin air!
The puff of flame hits you!
* * * LOW HITPOINT WARNING * * *
Something hits you but does no damage.
You barely miss something. Something hits you but does no damage.
It was a potion of lignification.
You turn into a tree.
Your +0 cloak melds into your body.
Your +0 helmet melds into your body.
Your +0 pair of gloves melds into your body.
Your +0 scale mail melds into your body.
Your roots penetrate the ground.
You closely miss something. Something hits you.
You die...

#################.
#.........♣{l.....
#.###############.
#...# #.#####.###
#.........#
######..#####
#..#...##
#..#....#
#).#.†..#


You could see a frilled lizard.

Vanquished Creatures
  3 goblins
  3 hobgoblins (D:1)
  4 kobolds
  A ball python (D:1)
  3 bats
  A rat (D:1)
15 creatures vanquished.

Notes
Turn   | Place    | Note
-------+----------+-------------------------------------------
     0 | D:1      | vurker the Gargoyle Fighter began the quest for the Orb.
     0 | D:1      | Reached XP level 1. HP: 14/14 MP: 1/1
   381 | D:1      | Reached XP level 2. HP: 19/19 MP: 2/2
   769 | D:2      | Noticed Sigmund
   780 | D:2      | Slain by Sigmund

Levels and vault maps discovered:
D:1:      wheals_arrival_linesprint, layout_basic, chequers_jeans,
          minmay_misc_feat_alley
D:2:      layout_basic, uniq_sigmund

Skill      XL: |  1 |
---------------+----+-----
Axes           | 2 |  2.2
Fighting       | |  3.4
Armour         | |  3.4
Dodging        | |  0.3
Shields        | |  3.4

Action                   || total
-------------------------++-------
Melee: War axe           ||    79
  Use: Potion            ||     2
Armor: Scale mail        ||    45
Dodge: Dodged            ||    30
Block: Shield            ||    63
